 Dungeon Crawl Stone Soup version 0.30-a0-930-gb9d0489357 (webtiles) character file.

Game seed: 16074790842737945309

723 Hubris850 the Covert (level 7, 0/32 HPs)
             Began as a Spriggan Enchanter on Mar 23, 2023.
             Was an Initiate of Dithmenos.
             Slain by a jelly (2 damage)
             ... on level 5 of the Dungeon.
             The game lasted 00:17:14 (4674 turns).

Hubris850 the Covert (Spriggan Enchanter)           Turns: 4674, Time: 00:17:14

Health: 0/32       AC:  1    Str:  4    XL:     7   Next: 43%
Magic:  6/15       EV: 19    Int: 19    God:    Dithmenos [......]
Gold:   274        SH:  0    Dex: 15    Spells: 11/16 levels left

rFire   . . .      SeeInvis +    u - +1 dagger (protect)
rCold   . . .      Faith    .    (no shield)
rNeg    . . .      Spirit   .    b - +0 robe
rPois   .          Reflect  .    (helmet restricted)
rElec   .          Rampage  .    (no cloak)
rCorr   .                        (gloves unavailable)
Will    +....                    (boots unavailable)
Stlth   ++++                     (no amulet)
HPRegen 0.25/turn                (no ring)
MPRegen 0.14/turn                (no ring)

@: corroded, under a protective aura, very quick
A: very small, no large weapons, unfitting armour, see invisible, speed 3
a: Renounce Religion


You were on level 5 of the Dungeon.
You worshipped Dithmenos.
Dithmenos was noncommittal.
You visited 2 branches of the dungeon, and saw 6 of its levels.

You collected 274 gold pieces.

Inventory:

Hand Weapons
 a - a +1 dagger
 p - a +0 long sword of holy wrath
 u - a +1 dagger of protection (weapon)
 y - the +5 whip of the Morning {heavy, rF+ Str+2 Int-4}
   (You found it on level 4 of the Dungeon)

   Str:       It affects your strength (+2).
   Int:       It affects your intelligence (-4).
   rF:        It protects you from fire.
 C - the +8 quarterstaff of Vuin Nyza {drain, rC+}
   (You found it on level 5 of the Dungeon)

   rC:        It protects you from cold.
Missiles
 d - 11 poisoned darts
 m - 2 curare-tipped darts
Armour
 b - a +0 robe (worn)
 l - a +0 buckler
 A - an orb of wrath
Magical Staves
 s - a staff of poison
Scrolls
 g - 4 scrolls of magic mapping {unknown}
 i - 4 scrolls of identify {unknown}
 j - a scroll of poison {unknown}
 n - 2 scrolls of teleportation {unknown}
 q - 2 scrolls of silence {unknown}
 r - a scroll of noise {unknown}
 t - a scroll of fog {unknown}
 v - a scroll of enchant armour {unknown}
 w - a scroll of fear {unknown}
 B - a scroll of blinking {unknown}
Potions
 c - 2 potions of invisibility
 e - 6 potions of heal wounds {unknown}
 f - 3 potions of attraction {unknown}
 h - 2 potions of curing {unknown}
 k - 3 potions of degeneration {unknown}
 o - a potion of lignification {unknown}
 x - a potion of mutation {unknown}
 z - 2 potions of might {unknown}


   Skills:
 - Level 3.0 Short Blades
 - Level 6.0 Dodging
 - Level 8.0 Stealth
 - Level 0.3 Shields
 + Level 5.0 Spellcasting
 + Level 5.4 Hexes


You had 11 spell levels left.
You knew the following spells:

 Your Spells              Type           Power      Damage    Failure   Level
a - Ensorcelled Hibernat  Hex/Ice        30%        N/A       6%          2
b - Confusing Touch       Hex            25%        N/A       4%          3

Your spell library contained the following spells:

 Spells                   Type           Power      Damage    Failure   Level
 Slow                     Hex            100%       N/A       1%          1
 Tukima's Dance           Hex            25%        N/A       4%          3
 Magic Dart               Conj           16%        1d3       12%         1
 Dazzling Flash           Conj/Hex       30%        N/A       12%         3
 Inner Flame              Hex/Fire       15%        N/A       12%         3
 Portal Projectile        Hex/Tloc       30%        N/A       12%         3
 Searing Ray              Conj           8%         2d4       19%         2
 Sublimation of Blood     Necr           4%         N/A       19%         2
 Wereblood                Tmut           4%         N/A       19%         2
 Call Canine Familiar     Summ           4%         N/A       36%         3
 Frozen Ramparts          Ice            8%         1d2       36%         3
 Vampiric Draining        Necr           4%         2d6       36%         3
 Fulminant Prism          Conj/Hex       7%         3d7       38%         4
 Leda's Liquefaction      Hex/Erth       7%         N/A       38%         4
 Flame Wave               Conj/Fire      4%         2d5       77%         4
 Ice Form                 Ice/Tmut       4%         N/A       77%         4
 Sticky Flame             Conj/Fire      4%         2d3       77%         4
 Summon Ice Beast         Ice/Summ       4%         N/A       77%         4
 Lee's Rapid Deconstruct  Erth           2%         3d4*      98%         5
 Statue Form              Tmut/Erth      2%         N/A       100%        6
 Summon Hydra             Summ           2%         N/A       100%        7


Dungeon Overview and Level Annotations

Branches:
Dungeon (5/15)             Temple (1/1) D:4

Altars:
Cheibriados
Dithmenos
Elyvilon
Hepliaklqana
Kikubaaqudgha
Okawaru
Ru
Sif Muna
Uskayaw
Vehumet
Xom
Yredelemnul
Zin
The Shining One


Innate Abilities, Weirdness & Mutations

You are very small and have problems with some larger weapons.
You are too small for most types of armour.
You have supernaturally acute eyesight. (SInv)
You cover ground extremely quickly. (Speed+++)


Message History

Aim: an orc priest, wielding a +0 hand axe and wearing a +0 ring mail (chance to affect: 48%)
The orc priest resists with some effort.
The orc priest misses you. The orc hits you but does no damage.
Casting: Ensorcelled Hibernation (safe; 6% risk of failure)
Confirm with . or Enter, or press ? or * to list all spells.
Aiming: Ensorcelled Hibernation (safe; 6% risk of failure)
Press: ? - help, Shift-Dir - straight line, f/p - orc priest
Aim: an orc priest, wielding a +0 hand axe and wearing a +0 ring mail (chance to affect: 48%)
The orc priest looks drowsy...
The orc hits you with a +0 dagger.
The helpless orc priest fails to defend itself.
You spit the orc priest like a pig!!!
Your weapon exudes an aura of protection.
You kill the orc priest!
Dithmenos accepts your kill. The orc hits you but does no damage.
Your Spellcasting skill increases to level 5!
You hit the orc.
The orc is heavily wounded.
The orc misses you.
You hit the orc.
You kill the orc!
Dithmenos accepts your kill.
You see here a +0 dagger.
You now have 274 gold pieces (gained 12).
Found a stone staircase leading down.
A jelly comes into view.
The jelly quivers.
You see here the +8 quarterstaff of Vuin Nyza {drain, rC+}.
C - the +8 quarterstaff of Vuin Nyza {drain, rC+} You hit the jelly.
Your weapon exudes an aura of protection.
The acid corrodes you!
Your hands burn!
The jelly is lightly wounded.
The jelly hits you. The acid corrodes you!
You are splashed with acid!
* * * LOW HITPOINT WARNING * * *
You hit the jelly but do no damage. The acid corrodes you!
Your hands burn!
* * * LOW HITPOINT WARNING * * *
The jelly is lightly wounded.
The jelly hits you.
You die...

#### ###..# .. ####....#
...##.......#
..#.........##
.............##########
...................#..#
#.........J@......#...####
#...............##...#..###
###.................#......
##.................#......
#>...........##...........
#...........####..........
##.........#####.##.......
#######...##.#8.8#......#
##.................


You could see a jelly.

Vanquished Creatures
  An ice beast (D:5)
  A black bear (D:5)
  A phantom (D:4)
  A scorpion (D:5)
  A howler monkey (D:5)
  2 orc priests (D:5)
  A gnoll bouda (D:3)
  2 iguanas
  An orc wizard (D:3)
  6 adders
  3 gnolls (D:3)
  An ufetubus (D:5)
  5 worms
  A dart slug (D:2)
  10 orcs
  3 bats
  4 endoplasms (D:1)
  2 giant cockroaches
  12 goblins
  9 hobgoblins
  8 jackals
  10 kobolds
  A quokka (D:3)
  7 ball pythons
  4 frilled lizards
  3 rats
100 creatures vanquished.

Vanquished Creatures (others)
  A bush (D:3)
1 creature vanquished.

Grand Total: 101 creatures vanquished

Notes
Turn   | Place    | Note
-------+----------+-------------------------------------------
     0 | D:1      | Hubris850 the Spriggan Enchanter began the quest for the
                  | Orb.
     0 | D:1      | Reached XP level 1. HP: 9/9 MP: 5/5
   172 | D:1      | Reached XP level 2. HP: 12/13 MP: 6/6
   399 | D:1      | Learned a level 2 spell: Ensorcelled Hibernation
   636 | D:1      | Found a faded altar of an unknown god.
  1132 | D:2      | Reached XP level 3. HP: 16/16 MP: 8/8
  1438 | D:2      | Reached skill level 5 in Stealth
  1462 | D:3      | Found a white marble altar of Elyvilon.
  1656 | D:3      | Reached XP level 4. HP: 12/21 MP: 4/9
  2402 | D:3      | Reached XP level 5. HP: 24/24 MP: 5/10
  2411 | D:3      | Reached skill level 6 in Stealth
  2812 | D:3      | Found a glowing silver altar of Zin.
  3083 | D:4      | Noticed a phantom
  3085 | D:4      | Killed a phantom
  3086 | D:4      | Reached skill level 5 in Dodging
  3086 | D:4      | Reached skill level 7 in Stealth
  3165 | D:4      | Reached XP level 6. HP: 23/28 MP: 11/11
  3242 | D:4      | Found a snail-covered altar of Cheibriados.
  3349 | D:4      | Found a staircase to the Ecumenical Temple.
  3355 | Temple   | Entered the Ecumenical Temple
  3410 | Temple   | Became a worshipper of Dithmenos the Shadowed
  3738 | D:4      | Found a sacrificial altar of Ru.
  3775 | D:4      | Identified the +5 whip of the Morning {heavy, rF+ Str+2
                  | Int-4}
  4091 | D:5      | Entered Level 5 of the Dungeon
  4140 | D:5      | Reached skill level 8 in Stealth
  4144 | D:5      | Learned a level 3 spell: Confusing Touch
  4221 | D:5      | Noticed an ice beast
  4235 | D:5      | Killed an ice beast
  4236 | D:5      | Reached XP level 7. HP: 32/32 MP: 7/14
  4282 | D:5      | Reached skill level 5 in Hexes
  4641 | D:5      | Reached skill level 5 in Spellcasting
  4662 | D:5      | Identified the +8 quarterstaff of Vuin Nyza {drain, rC+}
  4674 | D:5      | Slain by a jelly

Illustrated notes

Levels and vault maps discovered:
D:1:      heliophobic_arrival_battle_scene, layout_loops_ring, serial_aquarium,
          aquarium_bridge_square [aquarium_subvault_wall,
          aquarium_subvault_balcony, aquarium_subvault_bridge,
          aquarium_subvault_bridge], aquarium_window_1, aquarium_window_fake,
          aquarium_view_4, aquarium_view_2c, aquarium_balcony_5b,
          aquarium_pool_five, dreamdust_ecumenical_altar_statues
D:2:      layout_basic
D:3:      minmay_diamond_boxcup, layout_basic, zin_academy, elyvilon_altar_5,
          minivault_5, minmay_hedge_maze
D:4:      layout_basic, nicolae_overflow_hidden_temple, slow_altar_2,
          lemuel_tele_altar, temple_green, minmay_goblin_kobold_house
D:5:      layout_cave_pods, general_overflow_altar, gup_sewer_entry_spiral,
          small_statue_intersection, uniq_duvessa
Temple:   jpeg_temple_alley_garden

Skill      XL: |  1  2  3  4  5  6  7 |
---------------+----------------------+-----
Dodging        | 3 4 5 6 |  6.0
Spellcasting   | 3 4 5 |  5.0
Hexes          | 4 5 |  5.4
Stealth        | 5 7 8 |  8.0
Short Blades   | 2 3 |  3.0
Shields        | |  0.3

Action                     |  1- 3 |  4- 6 |  7- 9 || total
---------------------------+-------+-------+-------++-------
  Melee: Dagger            |   100 |   216 |    44 ||   360
         Punch             |     1 |       |       ||     1
  Throw: Dart              |       |     4 |       ||     4
   Cast: Ensorcelled Hiber |     2 |    13 |    12 ||    27
         Confusing Touch   |       |     1 |     1 ||     2
   Stab: Sleeping          |    10 |    33 |     5 ||    48
         Distracted        |     1 |     2 |       ||     3
         Confused          |       |     2 |     1 ||     3
 Armour: Robe              |    12 |    36 |     5 ||    53
  Dodge: Dodged            |    75 |   159 |    44 ||   278

Table legend: (Time is in decaauts)
 A = Elapsed time spent in this place.
 B = Non-inter-level travel time spent in this place.
 C = Inter-level travel time spent in this place.
 D = Time resting spent in this place.
 E = Time spent auto-exploring this place.
 F = Levels seen in this place.
 G = Mean time per level.
                   A        B        C        D        E       F      G
               +--------+--------+--------+--------+--------+-----+--------+
         Total |   3287 |   3197 |     90 |    539 |   1711 |   6 |  547.8 |
       Dungeon |   3160 |   3091 |     69 |    539 |   1626 |   5 |  632.0 |
        Temple |    126 |    105 |     21 |      0 |     85 |   1 |  126.0 |
               +--------+--------+--------+--------+--------+-----+--------+

Top non-repeatable levels by time:
     D:3: 1150 daAuts
     D:4: 617 daAuts
     D:1: 573 daAuts
     D:5: 434 daAuts
     D:2: 385 daAuts
  Temple: 126 daAuts
